 Dungeon Crawl Stone Soup version 0.31-a0-532-g28f74ba3e5 (webtiles) character file.

Game seed: 4643838080944531249

2167 pokeman the Thaumaturge (level 9, -2/49 HPs)
             Began as a Deep Elf Hedge Wizard on Aug 12, 2023.
             Shot with an arrow by a centaur (14 damage)
             ... on level 6 of the Dungeon.
             The game lasted 00:12:27 (7182 turns).

pokeman the Thaumaturge (Deep Elf Hedge Wizard)     Turns: 7182, Time: 00:12:28

Health: -2/49      AC:  9    Str:  7    XL:     9   Next: 10%
Magic:  17/25      EV: 12    Int: 27    God:
Gold:   33         SH:  0    Dex: 11    Spells: 11/29 levels left

rFire   . . .        F - +2 morningstar of Salt {spect, rElec rC+++ rCorr Dex-3}
rCold   + + +        (no shield)
rNeg    . . .        y - +2 leather armour {rC+}
rPois   .            b - +1 helmet {Int+3}
rElec   +            H - +1 cloak
rCorr   +            (no gloves)
SInv    .            (no boots)
Will    .....        (no amulet)
Stlth   ++           p - ring of wizardry
HPRegen 0.28/turn    C - ring of wizardry
MPRegen 0.19/turn

%: wizardry (x2)
@: no status effects
A: no striking features
a: no special abilities


You were on level 6 of the Dungeon.
You visited 1 branch of the dungeon, and saw 6 of its levels.

You collected 213 gold pieces.
You spent 180 gold pieces at shops.

Inventory:

Hand Weapons
 E - a +0 dagger of electrocution
 F - the +2 morningstar of Salt (weapon) {spect, rElec rC+++ rCorr Dex-3}
   (You bought it in a shop on level 1 of the Dungeon)

   Dex-3:     It affects your dexterity (-3).
   rC+++:     It renders you almost immune to cold.
   rElec:     It insulates you from electricity.
   rCorr:     It protects you from acid and corrosion.
Missiles
 t - a throwing net
Armour
 b - a +1 helmet of intelligence (worn)
 y - a +2 leather armour of cold resistance (worn)
 H - a +1 cloak (worn)
Jewellery
 j - a ring of ice
 p - a ring of wizardry (left hand)
 C - a ring of wizardry (right hand)
Wands
 v - a wand of flame (21)
 G - a wand of light (13)
Scrolls
 e - 4 scrolls of fear {unknown}
 m - 4 scrolls of identify {unknown}
 q - 3 scrolls of butterflies {unknown}
 r - 6 scrolls of teleportation {unknown}
 s - a scroll of noise {unknown}
 u - a scroll of amnesia {unknown}
 w - a scroll of vulnerability {unknown}
 x - a scroll of fog {unknown}
 B - a scroll of enchant armour {unknown}
 D - a scroll of revelation {unknown}
Potions
 a - a potion of brilliance {unknown}
 c - a potion of mutation {unknown}
 d - a potion of magic
 f - a potion of lignification {unknown}
 g - 3 potions of curing {unknown}
 h - a potion of attraction {unknown}
 i - 2 potions of might {unknown}
 k - a potion of ambrosia {unknown}
 l - 4 potions of heal wounds {unknown}
 n - a potion of enlightenment {unknown}
 o - a potion of invisibility {unknown}
 z - 2 potions of haste {unknown}
 A - a potion of degeneration {unknown}


   Skills:
 + Level 2.5 Fighting
 - Level 3.1 Armour
 - Level 3.0 Dodging
 - Level 3.0 Stealth
 * Level 10.8 Spellcasting
 + Level 5.8 Conjurations
 - Level 1.1 Summonings
 - Level 1.1 Translocations
 + Level 4.8 Fire Magic
 - Level 1.1 Air Magic
 - Level 1.0 Poison Magic
 - Level 1.0 Evocations


You had 11 spell levels left.
You knew the following spells:

 Your Spells              Type           Power      Damage    Failure   Level
a - Magic Dart            Conj           100%       1d8       1%          1
b - Mephitic Cloud        Conj/Pois/Air  29%        N/A       1%          3
c - Call Imp              Summ           40%        N/A       1%          2
d - Blink                 Tloc           40%        N/A       1%          2
e - Iskenderun's Mystic   Conj/Tloc      33%        2d8       4%          4
f - Starburst             Conj/Fire      21%        6d7       24%         6

Your spell library contained the following spells:

 Spells                   Type           Power      Damage    Failure   Level
 Slow                     Hex            56%        N/A       1%          1
 Summon Small Mammal      Summ           80%        N/A       1%          1
 Cigotuvi's Dreadful Rot  Necr/Pois/Air  36%        N/A       1%          2
 Dazzling Flash           Conj/Hex       60%        N/A       1%          3
 Volatile Blastmotes      Fire/Tloc      60%        2d15      1%          3
 Ozocubu's Armour         Ice            14%        N/A       4%          3
 Portal Projectile        Hex/Tloc       34%        N/A       4%          3
 Tukima's Dance           Hex            14%        N/A       4%          3
 Summon Lightning Spire   Summ/Air       20%        N/A       11%         4
 Animate Armour           Summ/Erth      34%        N/A       12%         4
 Spellforged Servitor     Conj/Summ      16%        N/A       94%         7
 Ozocubu's Refrigeration  Ice            7%         4d9       100%        7
 Maxwell's Capacitive Co  Air            10%        ∞         100%        8


Dungeon Overview and Level Annotations

Branches:
Dungeon (6/15)
 Temple: D:4-7

Altars:

Shops:
D:1 (   D:5 :

Annotations:
D:5 3 runed translucent doors, randomguy2701's ghost, novice OpVM


Message History

Unknown command.
You hit the hound but do no damage.
The hound is almost dead.
Your +2 morningstar of Salt {spect, rElec rC+++ rCorr Dex-3} misses the hound.
The hound bites you but does no damage.
The orc warrior closely misses something.
The hornet zombie closely misses your +2 morningstar of Salt {spect, rElec rC+++ rCorr Dex-3}.
You swap places.
Your +2 morningstar of Salt {spect, rElec rC+++ rCorr Dex-3} disappears.
The hound bites your cerulean imp but does no damage.
Your cerulean imp hits the hornet zombie but does no damage.
The hound bites your cerulean imp.
Unknown command.
The hound closely misses your cerulean imp.
Your cerulean imp hits the hound with a -2 spear.
The hound dies!
Unknown command.
Casting: Call Imp (safe; 1% risk of failure)
Confirm with . or Enter, or press ? or * to list all spells.
Aiming: Mephitic Cloud (safe; 1% risk of failure)
Press: ? - help, Shift-Dir - straight line, f - cerulean imp
Aim: a cerulean imp, wielding a -2 spear (moderately wounded, summoned, friendly, not susceptible)
The ball explodes into a vile cloud!
The stinking cloud engulfs your cerulean imp but does no damage.
Your cerulean imp is moderately wounded.
The stinking cloud engulfs the centaur but does no damage.
The stinking cloud engulfs you but does no damage.
The stinking cloud engulfs the hornet zombie but does no damage.
The hornet zombie is moderately damaged.
You hear a shout! x3
The centaur is engulfed in noxious fumes.
The centaur unwields a +0 heavy shortbow.
The centaur misses your cerulean imp. x2
The hornet zombie misses your cerulean imp.
Your cerulean imp hits the centaur with a -2 spear.
The centaur is engulfed in noxious fumes.
The centaur wields a +0 heavy shortbow.
The centaur shoots an arrow.
The arrow closely misses your cerulean imp.
The arrow hits you!
You die...

.........#..#..^
......8........^
......h.........
.........#......
.##############..#..^.^.
........oZ.....).#.....^
.Z....ZcZ.....o.o#...^..
##+#####5##########^^.^^.
.......☼@....... ........
................ ...^..^
................ ....^..
................ ..#.^.
#########..##... ##.. #.#
... #.. .. .....####.#
... ......†.. #######.#


You could see a centaur (ally target), an orc, a killer bee zombie, a hornet
zombie, a centaur zombie and a friendly cerulean imp (summoned).

Vanquished Creatures
  Pikel (D:6)
  Prince Ribbit (D:5)
  An ice beast (D:5)
  A black bear (D:6)
  An ogre (D:5)
  A lemure (D:6)
  3 phantoms
  Blork the orc (D:6)
  A scorpion (D:5)
  A water moccasin zombie (D:6)
  2 howler monkeys
  A centaur zombie (D:6)
  3 bullfrog zombies (D:6)
  A jelly (D:6)
  An orc priest (D:3)
  A hound (D:6)
  4 iguanas
  6 orc wizards
  A howler monkey zombie (D:6)
  5 gnolls
  9 adders
  A shadow imp (D:5)
  4 worms
  2 dart slugs (D:2)
  18 orcs
  8 ball pythons
  A bat (D:1)
  9 endoplasms
  2 giant cockroaches
  4 goblins
  5 hobgoblins
  10 jackals
  3 quokkas
  2 frilled lizards
  6 kobolds
  13 rats
134 creatures vanquished.

Vanquished Creatures (collateral kills)
  A lemure (D:6)
  A hound (D:6)
  A gnoll (D:5)
3 creatures vanquished.

Vanquished Creatures (others)
  A gnoll (D:6)
1 creature vanquished.

Grand Total: 138 creatures vanquished

Notes
Turn   | Place    | Note
-------+----------+-------------------------------------------
     0 | D:1      | pokeman the Deep Elf Hedge Wizard began the quest for the
                  | Orb.
     0 | D:1      | Reached XP level 1. HP: 10/10 MP: 7/7
   170 | D:1      | Reached XP level 2. HP: 8/15 MP: 2/9
   817 | D:1      | Reached skill level 5 in Spellcasting
   854 | D:1      | Found Urufaceh's Antique Weapon Boutique.
   960 | D:1      | Reached XP level 3. HP: 7/20 MP: 0/11
   964 | D:1      | Learned a level 3 spell: Mephitic Cloud
   967 | D:1      | Learned a level 2 spell: Call Imp
   970 | D:1      | Learned a level 2 spell: Blink
  1533 | D:2      | Reached skill level 1 in Armour
  1629 | D:2      | Reached skill level 1 in Fighting
  1989 | D:2      | Reached XP level 4. HP: 25/25 MP: 8/13
  2662 | D:3      | Learned a level 4 spell: Iskenderun's Mystic Blast
  2804 | D:3      | Reached skill level 6 in Spellcasting
  2918 | D:3      | Reached XP level 5. HP: 29/29 MP: 10/15
  3032 | D:3      | Got the Disquisition on the Escort
  3092 | D:3      | Reached skill level 1 in Poison Magic
  3414 | D:4      | Reached skill level 1 in Air Magic
  3564 | D:4      | Reached XP level 6. HP: 26/34 MP: 8/17
  3695 | D:4      | Learned a level 6 spell: Starburst
  3963 | D:4      | Reached skill level 7 in Spellcasting
  4422 | D:5      | Entered Level 5 of the Dungeon
  4680 | D:5      | Reached skill level 1 in Fire Magic
  4680 | D:5      | Reached skill level 1 in Evocations
  5060 | D:5      | Reached XP level 7. HP: 35/39 MP: 2/20
  5335 | D:5      | Found a runed translucent door.
  5335 | D:5      | Noticed randomguy2701's ghost (novice OpVM)
  5732 | D:5      | Noticed Prince Ribbit
  5744 | D:5      | Killed Prince Ribbit
  5745 | D:5      | Reached skill level 8 in Spellcasting
  5794 | D:5      | Found a runed translucent door.
  5796 | D:5      | Found a runed translucent door.
  5825 | D:5      | Found Guosk's Book Boutique.
  6456 | D:1      | Bought a slimy morningstar for 180 gold pieces
  6456 | D:1      | Identified the +2 morningstar of Salt {spect, rElec rC+++
                  | rCorr Dex-3} (You bought it in a shop on level 1 of the
                  | Dungeon)
  6582 | D:6      | Reached XP level 8. HP: 41/44 MP: 20/22
  6595 | D:6      | Reached skill level 9 in Spellcasting
  6610 | D:6      | Noticed Blork the orc
  6623 | D:6      | Killed Blork the orc
  6793 | D:6      | Noticed Pikel
  6805 | D:6      | Killed Pikel
  6806 | D:6      | Reached skill level 10 in Spellcasting
  6806 | D:6      | Reached skill level 5 in Conjurations
  6883 | D:6      | Reached XP level 9. HP: 42/48 MP: 21/25
  7182 | D:6      | Shot with an arrow by a centaur

Illustrated notes

Levels and vault maps discovered:
D:1:      dpeg_arrival_refuge, layout_basic, serial_shops, shop,
          minmay_liquid_box, minmay_rat_gold_closets
D:2:      layout_basic, minmay_misc_feat_five, minmay_misc_feat_rows
D:3:      layout_rooms, minmay_misc_feat_nine_boxes
D:4:      layout_loops_ring
D:5:      lemuel_insect_pit, layout_layer_cave, gammafunk_ghost_grave,
          serial_co_window_serial, co_window_paths_b,
          co_window_of_opportunity_a, co_window_paths_a, co_window_corner_a,
          co_window_of_opportunity_a, co_window_paths_b, co_window_paths_a,
          co_window_corner_a, co_window_paths_b, co_window_broadway_a,
          co_window_unsneaky_path_b, co_window_unsneaky_path_e,
          co_window_of_opportunity_b, co_window_corner_b, co_window_2corner,
          glass_columns_b, glass_columns_a, glass_columns_b, glass_columns_c,
          glass_columns_a, serial_shops, nicolae_lakefront_shop,
          uniq_prince_ribbit1
D:6:      layout_basic, nicolae_overflow_macrodata_refinement, serial_undead,
          serial_undead_a, serial_undead_a, serial_undead_d, serial_undead_a,
          minmay_holes, lemuel_flamethrower_2, uniq_pikel, uniq_blork_the_orc

Skill      XL: |  1  2  3  4  5  6  7  8 |
---------------+-------------------------+-----
Spellcasting   | 5 6 7 8 10 | 10.8
Armour         | 1 2 3 |  3.1
Fighting       | 1 2 |  2.5
Conjurations   | 2 3 4 5 |  5.8
Stealth        | 3 |  3.0
Dodging        | 3 |  3.0
Poison Magic   | 1 |  1.0
Air Magic      | 1 |  1.1
Fire Magic     | 1 3 4 |  4.8
Evocations     | 1 |  1.0
Summonings     | |  1.1
Translocations | |  1.1

Action                     |  1- 3 |  4- 6 |  7- 9 || total
---------------------------+-------+-------+-------++-------
  Melee: Dagger            |    17 |    47 |    12 ||    76
         Punch             |       |     1 |     1 ||     2
         Morningstar       |       |       |    71 ||    71
   Cast: Magic Dart        |   119 |   185 |    59 ||   363
         Call Imp          |     2 |       |     6 ||     8
         Mephitic Cloud    |       |    14 |    10 ||    24
         Blink             |       |     2 |     1 ||     3
         Iskenderun's Myst |       |       |     1 ||     1
   Stab: Sleeping          |     1 |       |       ||     1
         Confused          |       |     7 |     2 ||     9
         Distracted        |       |       |     1 ||     1
 Armour: Robe              |     6 |     4 |       ||    10
         Leather armour    |       |    12 |    38 ||    50
  Dodge: Dodged            |    41 |    62 |    64 ||   167

Table legend: (Time is in decaauts)
 A = Elapsed time spent in this place.
 B = Non-inter-level travel time spent in this place.
 C = Inter-level travel time spent in this place.
 D = Time resting spent in this place.
 E = Time spent auto-exploring this place.
 F = Levels seen in this place.
 G = Mean time per level.
                   A        B        C        D        E       F      G
               +--------+--------+--------+--------+--------+-----+--------+
         Total |   7223 |   7022 |    201 |    160 |   5833 |   6 | 1203.8 |
       Dungeon |   7223 |   7022 |    201 |    160 |   5833 |   6 | 1203.8 |
               +--------+--------+--------+--------+--------+-----+--------+

Top non-repeatable levels by time:
     D:5: 2014 daAuts
     D:2: 1364 daAuts
     D:1: 1246 daAuts
     D:4: 1146 daAuts
     D:3: 796 daAuts
     D:6: 655 daAuts
